 Dungeon Crawl Stone Soup version 0.32-a0-306-gfed3edf829 (webtiles) character file.

Game seed: 2755022529333196308

85 CougarLife the Digger (level 4, -3/24 HPs)
             Began as a Gargoyle Earth Elementalist on Feb 15, 2024.
             Slain by a wight
             ... wielding a +1 short sword
              (4 damage)
             ... on level 6 of the Dungeon.
             The game lasted 00:01:48 (1605 turns).

CougarLife the Digger (Gargoyle Earth Elementalist) Turns: 1605, Time: 00:01:48

Health: -3/24      AC:  7    Str: 12    XL:     4   Next: 48%
Magic:  0/8        EV: 11    Int: 17    God:
Gold:   71         SH:  0    Dex: 10    Spells: 4/8 levels left

rFire   . . .        i - +0 dagger (protect)
rCold   . . .        (no shield)
rNeg    + . .        a - +0 robe
rPois   ∞            (no helmet)
rElec   +            k - +0 cloak
rCorr   .            (no gloves)
SInv    .            m - +0 pair of boots
Will    .....        (no amulet)
Stlth   ++           (no ring)
HPRegen 0.24/turn    (no ring)
MPRegen 0.11/turn

%: no passive effects
@: no status effects
A: sickness immunity, AC +3, negative energy resistance 1, electricity
resistance, torment resistance 1, petrification resistance
a: no special abilities


You were on level 6 of the Dungeon.
You visited 1 branch of the dungeon, and saw 5 of its levels.

You collected 71 gold pieces.

Inventory:

Hand Weapons
 i - a +0 dagger of protection (weapon)
Armour
 a - a +0 robe (worn)
 k - a +0 cloak (worn)
 m - a +0 pair of boots (worn)
Wands
 f - a wand of mindburst (16)
Scrolls
 d - a scroll of poison {unknown}
 e - a scroll of teleportation {unknown}
 g - a scroll of revelation {unknown}
 j - a scroll of torment {unknown}
 l - a scroll of identify {unknown}
Potions
 b - a potion of magic
 c - 3 potions of curing {unknown}
 h - a potion of invisibility {unknown}


   Skills:
 - Level 1.5 Dodging
 - Level 2.1 Stealth
 + Level 2.9 Spellcasting
 + Level 2.6 Conjurations
 + Level 4.6 Earth Magic


You had 4 spell levels left.
You knew the following spells:

 Your Spells              Type           Power      Damage    Failure   Level
a - Sandblast             Erth           36%        2d10      2%          1
b - Stone Arrow           Conj/Erth      28%        3d8       12%         3

Your spell library contained the following spells:

 Spells                   Type           Power      Damage    Failure   Level
 Passwall                 Erth           18%        N/A       8%          3
 Brom's Barrelling Bould  Conj/Erth      14%        2d4       36%         4
 Petrify                  Alch/Erth      10%        N/A       56%         4


Dungeon Overview and Level Annotations

Branches:
Dungeon (6/15)             Temple (0/1) D:6

Altars:


Innate Abilities, Weirdness & Mutations

You are immune to sickness and miasma.
Your stone body is resilient. (AC +3)
You are immune to poison.
You resist negative energy. (rN+)
You are resistant to electric shocks. (rElec)
You are resistant to unholy torment.
You are immune to petrification.


Message History

Aim: a wight, wielding a +1 short sword and wearing a +0 robe (thin mist, lightly damaged, 82% to hit)
The blast of sand hits the wight but does no damage.
The wight is lightly damaged.
The wight hits you with a +1 short sword.
* * * LOW HITPOINT WARNING * * *
The wight barely misses you.
Your magical contamination has completely faded away.
Casting: Sandblast (safe; 2% risk of failure)
Confirm with . or Enter, or press ? or * to list all spells.
Aiming: Sandblast (safe; 2% risk of failure)
Press: ? - help, Shift-Dir - straight line, f/p - wight
Aim: a wight, wielding a +1 short sword and wearing a +0 robe (lightly damaged, 82% to hit)
The blast of sand hits the wight!
The wight is severely damaged.
The wight hits you with a +1 short sword.
* * * LOW HITPOINT WARNING * * *
Casting: Sandblast (safe; 2% risk of failure)
Confirm with . or Enter, or press ? or * to list all spells.
You don't have enough magic to cast this spell.
Unknown command.
Unknown command.
Casting: Sandblast (safe; 2% risk of failure)
Confirm with . or Enter, or press ? or * to list all spells.
You don't have enough magic to cast this spell.
Unknown command.
You hit the wight but do no damage.
Your weapon exudes an aura of protection.
The wight is severely damaged.
The wight hits you but does no damage.
You completely miss the wight.
The wight is severely damaged.
The wight hits you with a +1 short sword.
* * * LOW HITPOINT WARNING * * *
You closely miss the wight.
The wight is severely damaged.
The wight barely misses you.
You barely miss the wight.
The wight is severely damaged.
The wight hits you with a +1 short sword.
You die...

######
......###
........#
.)....#.####
......§~~..#
.....~~§§~.#
....~~~~~§~#
....§§~@~§~#
##..~§§z~~~.#
#.#.~§§~~..#
# #..~§~...#
##........#
#..........
#..........
#..........


You could see a wight.

Vanquished Creatures
  Natasha (D:4)
  An adder (D:2)
  2 endoplasms
  4 goblins (D:1)
  6 hobgoblins
  A quokka (D:1)
  3 ball pythons
  4 bats
  2 frilled lizards (D:2)
  3 kobolds
  2 rats (D:1)
29 creatures vanquished.

Notes
Turn   | Place    | Note
-------+----------+-------------------------------------------
     0 | D:1      | CougarLife the Gargoyle Earth Elementalist began the quest
                  | for the Orb.
     0 | D:1      | Reached XP level 1. HP: 10/10 MP: 3/3
   160 | D:1      | Reached XP level 2. HP: 15/15 MP: 3/5
   252 | D:1      | Reached skill level 4 in Earth Magic
   329 | D:1      | Found a faded altar of an unknown god.
   581 | D:1      | Reached XP level 3. HP: 19/19 MP: 4/6
   830 | D:1      | Learned a level 3 spell: Stone Arrow
  1482 | D:4      | Noticed Natasha
  1491 | D:4      | Killed Natasha
  1492 | D:4      | Reached XP level 4. HP: 14/24 MP: 4/8
  1589 | D:3      | You fall into a shaft and drop 3 floors!
  1589 | D:6      | Found a staircase to the Ecumenical Temple.
  1601 | D:6      | HP: 1/24 [wight/+1 short sword (2)]
  1605 | D:6      | Slain by a wight

Illustrated notes

Levels and vault maps discovered:
D:1:      nzn_arrival_crosshair, layout_loops_cross,
          shapermc_ecumenical_altar_acropolis
D:2:      layout_rooms
D:3:      layout_loops_ring, uniq_crazy_yiuf_cottage, uniq_robin
D:4:      layout_rooms, nicolae_overflow_hidden_temple, fedhas_altar_3,
          lemuel_crystal_altar, serial_curves, eino_curves_02, eino_curves_02,
          hangedman_decor_riveting, uniq_sigmund, uniq_natasha
D:6:      layout_rooms, grunt_gozag_statues, minmay_temple_entry_mist,
          uniq_duvessa

Skill      XL: |  1  2 |
---------------+-------+-----
Earth Magic    | 4 |  4.6
Conjurations   | 2 |  2.6
Dodging        | |  1.5
Stealth        | |  2.1
Spellcasting   | |  2.9

Action                     |  1- 3 |  4- 6 || total
---------------------------+-------+-------++-------
  Melee: Unarmed           |     1 |       ||     1
         Dagger            |       |     4 ||     4
   Cast: Sandblast         |    34 |    12 ||    46
 Armour: Robe              |    15 |    11 ||    26
  Dodge: Dodged            |    14 |     9 ||    23

Table legend: (Time is in decaauts)
 A = Elapsed time spent in this place.
 B = Non-inter-level travel time spent in this place.
 C = Inter-level travel time spent in this place.
 D = Time resting spent in this place.
 E = Time spent auto-exploring this place.
 F = Levels seen in this place.
 G = Mean time per level.
                   A        B        C        D        E       F      G
               +--------+--------+--------+--------+--------+-----+--------+
         Total |   1628 |   1500 |    128 |     67 |   1207 |   5 |  325.6 |
       Dungeon |   1628 |   1500 |    128 |     67 |   1207 |   5 |  325.6 |
               +--------+--------+--------+--------+--------+-----+--------+

Top non-repeatable levels by time:
     D:1: 889 daAuts
     D:2: 533 daAuts
     D:3: 97 daAuts
     D:4: 86 daAuts
     D:6: 21 daAuts
